 Dungeon Crawl Stone Soup version 0.22.1-1-ga44c0e5 (console) character file.

421 toffzen the Jinx (level 6, -4/41 HPs)
             Began as a Vampire Enchanter on Oct 18, 2018.
             Slain by an orc warrior
             ... wielding a +0 mace
              (16 damage)
             ... on level 4 of the Dungeon.
             The game lasted 00:20:41 (5949 turns).

toffzen the Jinx (Vampire Enchanter)                Turns: 5949, Time: 00:20:46

Health: -4/41      AC:  6    Str:  7    XL:     6   Next: 62%
Magic:  0/11       EV: 11    Int: 20    God:
Gold:   152        SH:  3    Dex: 14    Spells: 3/12 levels left

rFire    + . .     SeeInvis +   a - +1 dagger
rCold    + + .     Gourm    .   u - +0 buckler
rNeg     + + +     Faith    .   h - +3 leather armour {rF+}
rPois    ∞         Spirit   .   (no helmet)
rElec    .         Reflect  .   (no cloak)
rCorr    .         Harm     .   (no gloves)
MR       .....                  (no boots)
Stlth    +++++.....             (no amulet)
HPRegen  0.00/turn              k - ring of positive energy
MPRegen  0.12/turn              (no ring)

@: bloodless, non-regenerating, invisible
A: fangs 3, see invisible, unbreathing
a: Bat Form


You were on level 4 of the Dungeon.
You were bloodless.

You visited 1 branch of the dungeon, and saw 4 of its levels.
You also visited: Ossuary.

You collected 152 gold pieces.

Inventory:

Hand Weapons
 a - a +1 dagger (weapon)
 l - a +0 hunting sling
Missiles
 e - 91 stones (quivered)
 q - 17 sling bullets
Armour
 b - a +0 robe
 h - a +3 leather armour of fire resistance (worn)
 s - the +2 robe "Kimul" {Str+7}
   (You found it on level 4 of the Dungeon)

   It affects your strength (+7).
 u - a +0 buckler (worn)
Jewellery
 k - a ring of positive energy (left hand)
 t - an uncursed ring of stealth {unknown}
Wands
 n - a wand of clouds (4)
Scrolls
 c - a scroll of enchant armour
 f - 3 scrolls of remove curse
 j - a scroll of immolation {unknown}
 r - 2 scrolls of amnesia {unknown}
Potions
 d - 11 potions of blood
 i - a potion of flight
 m - a potion of cancellation
 o - a potion of curing {unknown}
 p - a potion of degeneration {unknown}


   Skills:
 + Level 0.0 Fighting
 + Level 1.1 Short Blades
 + Level 2.1 Dodging
 + Level 6.9 Stealth
 + Level 0.0 Shields
 + Level 3.6 Spellcasting
 * Level 8.3 Hexes


You had 3 spell levels left.
You knew the following spells:

 Your Spells              Type           Power        Failure   Level  Hunger
a - Corona                Hex            #####..      1%          1    None
b - Ensorcelled Hibernat  Hex/Ice        ###...       9%          2    ##.....
c - Confuse               Hex            #####...     3%          3    ###....
d - Tukima's Dance        Hex            #####...     3%          3    ###....

Your spell library contained the following spells:

 Spells                   Type           Power        Failure   Level  Hunger
 Confusing Touch          Hex            #####.       1%          1    None
 Dazzling Spray           Conj/Hex       ###...       19%         3    ###....
 Gell's Gravitas          Tloc           #.........   71%         3    ###....
 Metabolic Englaciation   Hex/Ice        ###.......   86%         5    ######.
 Yara's Violent Unravell  Hex/Tmut       ###.......   86%         5    ######.
 Petrify                  Tmut/Erth      #.......     98%         4    ####...


Dungeon Overview and Level Annotations

Branches:
Dungeon (4/15)
 Temple: D:4-7

Altars:
Cheibriados
Dithmenos
Gozag
Okawaru
Sif Muna


Innate Abilities, Weirdness & Mutations

You do not heal naturally.
You are immune to poison.
You have razor-sharp teeth.
You have supernaturally acute eyesight. (SInv)
You can survive without breathing.


Message History

Aim: an orc warrior, wielding a mace and wearing a plate armour (severely The orc warrior struggles to resist.
The orc warrior hits you but does no damage.
An orc priest comes into view. It is wielding a club.
The orc priest shouts!
You hit the orc warrior but do no damage.
The orc warrior is severely wounded.
The orc warrior hits you with a mace.
The orc priest invokes the aid of Beogh against you.
Beogh smites you!
You hit the orc warrior but do no damage.
The orc warrior is severely wounded.
The orc priest looks braver for a moment.
You block the orc warrior's attack.
The orc priest calls down the wrath of Beogh upon you.
Beogh smites you!
* * * LOW HITPOINT WARNING * * *
You fade into invisibility!
The orc warrior hits you with a mace!
You die...

#########
##.......#########
...##.(...o.....o#
#........#######o#
##...###.# #.#
#....o.o.# #o#
##...##### #.# ##.#
#o# #. #@# #
#####.##### ##+##
#.........# ##...##
#.###.###.# #.....##
#.###.# #.# .......##
#..##.# #.#
........####...#.# #.#
........'........###.#
........####.........#
.......## ##.##.#####
#.....## ####.#


You could see an orc warrior, 2 orc priests and an orc.

Vanquished Creatures
  A phantom (D:4)
  A scorpion (D:3)
  A bullfrog skeleton (D:4)
  3 orc wizards
  6 adders
  2 gnolls
  An ooze (D:3)
  A worm (D:2)
  2 dart slugs
  3 leopard geckos
  15 orcs
  2 bats (D:1)
  A giant cockroach (D:2)
  6 hobgoblins
  8 jackals
  2 quokkas
  A ball python (D:2)
  6 frilled lizards
  8 goblins
  5 kobolds
  A kobold zombie (Ossuary)
  An orc zombie (Ossuary)
  10 rats
87 creatures vanquished.

Notes
Turn   | Place    | Note
-------+----------+-------------------------------------------
     0 | D:1      | toffzen the Vampire Enchanter began the quest for the Orb.
     0 | D:1      | Reached XP level 1. HP: 13/13 MP: 3/3
  1033 | D:1      | Reached XP level 2. HP: 17/19 MP: 5/5
  1037 | D:1      | Learned a level 2 spell: Ensorcelled Hibernation
  1218 | D:1      | Reached skill level 5 in Hexes
  1538 | D:2      | Reached skill level 5 in Stealth
  1538 | D:2      | Reached XP level 3. HP: 13/24 MP: 2/6
  1806 | D:2      | Learned a level 3 spell: Confuse
  2385 | D:2      | Reached skill level 6 in Hexes
  2390 | D:2      | Reached XP level 4. HP: 27/30 MP: 2/7
  3568 | D:3      | Reached skill level 7 in Hexes
  3568 | D:3      | Reached XP level 5. HP: 35/35 MP: 0/9
  3782 | D:3      | Learned a level 3 spell: Tukima's Dance
  3993 | D:3      | Found a snail-covered altar of Cheibriados.
  4176 | D:3      | Found an opulent altar of Gozag.
  4536 | D:4      | Reached XP level 6. HP: 33/41 MP: 7/11
  4643 | D:4      | Found an iron altar of Okawaru.
  4645 | D:4      | Found a deep blue altar of Sif Muna.
  4646 | D:4      | Found a shadowy altar of Dithmenos.
  4725 | D:4      | Got a shadowed robe
  4739 | D:4      | Identified the +2 robe "Kimul" {Str+7} (You found it on
                  | level 4 of the Dungeon)
  4757 | D:4      | Found a sand-covered staircase.
  4761 | Ossuary  | Entered an ossuary
  5339 | D:4      | Reached skill level 8 in Hexes
  5830 | D:4      | Noticed an orc warrior
  5949 | D:4      | Slain by an orc warrior

Skill      XL: |  1  2  3  4  5  6 |
---------------+-------------------+-----
Hexes          | 5 6 7 8 |  8.3
Stealth        | 5 6 |  6.9
Spellcasting   | 3 |  3.6
Short Blades   | |  1.1
Dodging        | |  2.1

Action                   |  1- 3 |  4- 6 || total
-------------------------+-------+-------++-------
Melee: Dagger            |   117 |   123 ||   240
       Bite              |     6 |    11 ||    17
Throw: Stone             |       |     1 ||     1
 Cast: Corona            |     3 |       ||     3
       Ensorcelled Hiber |    21 |    51 ||    72
       Confuse           |       |     9 ||     9
  Use: Potion            |     1 |     4 ||     5
       Scroll            |       |     6 ||     6
 Stab: Sleeping          |    19 |    36 ||    55
       Confused          |       |     4 ||     4
Armor: Leather armour    |    27 |    27 ||    54
       Robe              |     4 |       ||     4
Dodge: Dodged            |    64 |    68 ||   132
Block: Buckler           |       |     2 ||     2
